 Dungeon Crawl Stone Soup version 0.27-a0-732-ga892ba84f6 (webtiles) character file.

Game seed: 17323849827879280726

20 MackTheFife the Slasher (level 2, -2/24 HPs)
             Began as a Djinni Gladiator on Mar 23, 2021.
             Killed by Freeze
             ... invoked by an ooze
              (7 damage)
             ... on level 1 of the Dungeon.
             The game lasted 00:01:59 (583 turns).

MackTheFife the Slasher (Djinni Gladiator)           Turns: 583, Time: 00:02:00

Health: -2/24      AC:  4    Str: 13    XL:     2   Next: 79%
Magic:  0/0        EV: 12    Int:  9    God:
Gold:   37         SH:  0    Dex: 14    Spells: 1/1 levels left

rFire    + + .     SeeInvis .   a - +0 long sword
rCold    x . .     Faith    .   (no shield)
rNeg     . . .     Spirit   .   b - +0 leather armour
rPois    ∞         Reflect  .   c - +0 helmet
rElec    .         Harm     .   (no cloak)
rCorr    .         Rampage  .   (no gloves)
Will     .....                  (boots unavailable)
Stlth    +.........             (no amulet)
HPRegen  0.08/turn              (no ring)
MPRegen  0.00/turn              (no ring)

@: flying
A: fire resistance 2, cold vulnerability 1, float, innate caster, hp casting,
extra vitality 1
a: no special abilities


You were on level 1 of the Dungeon.
You visited 1 branch of the dungeon, and saw 1 of its levels.

You collected 37 gold pieces.

Inventory:

Hand Weapons
 a - a +0 long sword (weapon)
Missiles
 d - 3 throwing nets (quivered)
 e - 42 stones
Armour
 b - a +0 leather armour (worn)
 c - a +0 helmet (worn)


   Skills:
 + Level 2.4 Fighting
 * Level 3.7 Long Blades
 - Level 1.7 Throwing
 - Level 3.2 Dodging


You had one spell level left.
You didn't know any spells.
Your spell library was empty.

Dungeon Overview and Level Annotations

Branches:
Dungeon (1/15)

Altars:


Innate Abilities, Weirdness & Mutations

You are immune to poison.
Your flesh is very heat resistant. (rF++)
You are vulnerable to cold. (rC-)
You float through the air rather than walking.
You learn spells naturally, not from books.
Your magical power is your life essence.
You have superior vitality. (+4 HP)


Message History

The giant cockroach closely misses you.
You closely miss the giant cockroach.
The giant cockroach is moderately wounded.
The giant cockroach closely misses you.
You riposte.
You closely miss the giant cockroach. The giant cockroach barely misses you.
You hit the giant cockroach but do no damage.
The giant cockroach bites you but does no damage.
You closely miss the giant cockroach.
The giant cockroach waves its antennae.
The giant cockroach barely misses you.
You riposte.
You barely miss the giant cockroach. You hit the giant cockroach.
You kill the giant cockroach!
You see here a giant cockroach corpse.
An ooze comes into view.
The ooze quivers.
The ooze freezes you.
You are frozen.
You hit the ooze.
The ooze is heavily wounded.
The ooze freezes you.
You are frozen.
You are too injured to fight recklessly!
You are too injured to fight recklessly!
You are too injured to fight recklessly!
You are too injured to fight recklessly!
You are too injured to fight recklessly!
You are too injured to fight recklessly!
You are too injured to fight recklessly!
You are too injured to fight recklessly!
You hit the ooze.
The ooze is almost dead.
The ooze freezes you.
You are frozen.
The ooze freezes you.
You are frozen.
* * * LOW HITPOINT WARNING * * *
The ooze freezes you.
You are frozen.
You die...

...#.........#
####....##...###### ###
.####...#.........# ....
...)...##.........#......
##'######...#....##...$..
P≈.♣≈≈≈≈#...#.#.###......
.....♣≈♣#####.#.........
≈≈♣.....#.....#.......#
♣≈♣≈♣♣.<#.....#.@.....# .
#########.....#..J....# ..
### #####.....#.†.....####...
..# #....########............
..###........####......?.....
....#........##..............
#..†#........##..............
...†.........##............##
#...#........##.....$........


You could see an ooze.

Vanquished Creatures
  A dart slug (D:1)
  A bat (D:1)
  2 giant cockroaches (D:1)
  A goblin (D:1)
  A hobgoblin (D:1)
  3 jackals (D:1)
  2 oozes (D:1)
  A quokka (D:1)
  A ball python (D:1)
  2 rats (D:1)
15 creatures vanquished.

Notes
Turn   | Place    | Note
-------+----------+-------------------------------------------
     0 | D:1      | MackTheFife the Djinni Gladiator began the quest for the
                  | Orb.
     0 | D:1      | Reached XP level 1. HP: 18/18 MP: 0/0
   266 | D:1      | Reached XP level 2. HP: 23/23 MP: 0/0
   583 | D:1      | Killed from afar by an ooze

Illustrated notes

Levels and vault maps discovered:
D:1:      tarquinn_simple_flora_water_f, layout_basic, roderic_roman_lattice

Action                   || total
-------------------------++-------
Melee: Long sword        ||    40
Armor: Leather armour    ||     9
Dodge: Dodged            ||    25
       Rpst.: Long sword ||    10

Table legend: (Time is in decaauts)
 A = Elapsed time spent in this place.
 B = Non-inter-level travel time spent in this place.
 C = Inter-level travel time spent in this place.
 D = Time resting spent in this place.
 E = Time spent auto-exploring this place.
 F = Levels seen in this place.
 G = Mean time per level.
                   A        B        C        D        E       F      G
               +--------+--------+--------+--------+--------+-----+--------+
         Total |    592 |    592 |      0 |    205 |    274 |   1 |  592.0 |
       Dungeon |    592 |    592 |      0 |    205 |    274 |   1 |  592.0 |
               +--------+--------+--------+--------+--------+-----+--------+

Top non-repeatable levels by time:
     D:1: 592 daAuts
